 Dungeon Crawl Stone Soup version 0.18.0-2-g198d6d4 (webtiles) character file.

57 oplop the Insei (level 4, 0/28 HPs)
             Began as an Octopode Transmuter on May 5, 2016.
             Slain by an ogre
             ... wielding a +0 giant spiked club
              (28 damage)
             ... on level 3 of the Dungeon.
             The game lasted 00:02:37 (1511 turns).

oplop the Insei (Octopode Transmuter)               Turns: 1511, Time: 00:02:38

Health: 0/28       AC:  1    Str: 14    XL:     4   Next: 0%
Magic:  6/7        EV: 12    Int: 15    God:
Gold:   130        SH:  0    Dex: 13    Spells: 1 memorised, 7 levels left

rFire  . . .     SeeInvis .       - Unarmed
rCold  . . .     Gourm    .     (no shield)
rNeg   . . .     Faith    .     (helmet restricted)
rPois  .         Spirit   .     (no amulet)
rElec  .         Dismiss  .     (no ring)
rCorr  .         Reflect  .     (no ring)
SustAt .         Harm     .     (no ring)
MR     .....                    (no ring)
Stlth  ++........               (no ring)
                                (no ring)
                                (no ring)
                                (no ring)

@: mighty, appendage, not resistant to hostile enchantments, unstealthy
A: almost no armour, amphibious, 8 rings, constrict 8, tentacle spike 3,
camouflage 1, gelatinous body 1
a: End Transformation


You were on level 3 of the Dungeon.
You were not hungry.
One of your tentacles had a temporary spike.
You visited 1 branch of the dungeon, and saw 3 of its levels.

You collected 130 gold pieces.

Inventory:

Missiles
 a - 28 arrows
 r - 79 stones (quivered)
Jewellery
 e - an uncursed ring of resist corrosion {unknown}
 o - an uncursed ring of stealth {unknown}
Scrolls
 d - a scroll of enchant armour {unknown}
 f - 2 scrolls of fear {unknown}
 j - a scroll of immolation {unknown}
 l - 2 scrolls of remove curse {unknown}
 m - a scroll of teleportation {unknown}
 q - a scroll of recharging {unknown}
 v - a scroll of identify {unknown}
 y - a scroll of random uselessness {unknown}
Potions
 i - a potion of beneficial mutation {unknown}
 n - a potion of lignification {unknown}
 p - a potion of curing {unknown}
 s - a potion of flight {unknown}
 u - a potion of haste {unknown}
Books
 b - a book of Changes

   Spells                             Type                      Level
   a - Beastly Appendage              Transmutation                1
   b - Sticks to Snakes               Transmutation                2
   c - Spider Form                    Transmutation/Poison         3
   d - Ice Form                       Ice/Transmutation            4
   e - Blade Hands                    Transmutation                5
Comestibles
 c - 2 bread rations
 g - a royal jelly
 k - a beef jerky
 t - a meat ration
 w - a slice of pizza


   Skills:
 - Level 1.0 Fighting
 - Level 2.0 Dodging
 + Level 3.6 Unarmed Combat
 + Level 2.6 Spellcasting
 + Level 3.0 Transmutations


You had 7 spell levels left.
You knew the following spells:

 Your Spells              Type           Power        Failure   Level  Hunger
a - Beastly Appendage     Trmt           ##....       8%          1    #......


Dungeon Overview and Level Annotations

Branches:
Dungeon (3/15)

Altars:
Cheibriados
Dithmenos
Makhleb
Okawaru


Innate Abilities, Weirdness & Mutations

You cannot wear most types of armour.
You are amphibious.
You can wear up to eight rings at the same time.
You can use your tentacles to constrict eight enemies at once.
Your skin changes colour to match your surroundings (Stealth).
Your rubbery body absorbs attacks (AC +1).
One of your tentacles bears a large vicious spike.


Message History

Your magical contamination has completely faded away.
Your tentacle spike disappears.
The ogre hits you with a giant spiked club.
Found a stone staircase leading up.
There is a stone staircase leading up here.
Read which item? (? for menu, Esc to quit)
Okay, then.
You aren't carrying any items that you can evoke.
Drink which item? (? for menu, Esc to quit)
It was a potion of might.
You feel very mighty all of a sudden. The ogre misses you.
Casting: Beastly Appendage
Confirm with . or Enter, or press ? or * to list all spells.
One of your tentacles grows a vicious spike.
You bludgeon the ogre!
You pierce the ogre!
The ogre is severely wounded.
The ogre hits you with a giant spiked club!!
Ouch! That really hurt!
You die...

# .#.######
........######
.........<...##
..####.###...#
..####.###...###
<.......@O......###
#######...........#
####.........#.#
#.....##...###.#
#.###.##...# #.#
#.###.###.## #.#
#..........# #.#
####..####.# #.#
######..# #.# #.#


You could see an ogre.

Vanquished Creatures
  A gnoll (D:1)
  An ooze (D:1)
  2 worms (D:2)
  A dart slug (D:1)
  A giant gecko (D:2)
  An orc (D:3)
  3 giant cockroaches
  3 goblins
  2 hobgoblins
  5 kobolds (D:2)
  3 quokkas (D:2)
  2 ball pythons (D:1)
  A bat (D:1)
  4 giant newts
  4 rats
34 creatures vanquished.

Notes
Turn   | Place    | Note
--------------------------------------------------------------
     0 | D:1      | oplop the Octopode Transmuter began the quest for the Orb.
     0 | D:1      | Reached XP level 1. HP: 13/13 MP: 3/3
    45 | D:1      | Found a snail-covered altar of Cheibriados.
    54 | D:1      | Reached XP level 2. HP: 15/18 MP: 3/5
   404 | D:1      | Reached XP level 3. HP: 18/23 MP: 4/6
   933 | D:2      | Found an iron altar of Okawaru.
   937 | D:2      | Found a burning altar of Makhleb.
   937 | D:2      | Found a shadowy altar of Dithmenos.
  1458 | D:3      | Reached XP level 4. HP: 27/28 MP: 4/7
  1465 | D:3      | Noticed an ogre
  1511 | D:3      | Slain by an ogre

Skill      XL: |  1  2  3 |
---------------+----------+-----
Transmutations | 3 |  3.0
Fighting       | |  1.0
Dodging        | |  2.0
Unarmed Combat | |  3.6
Spellcasting   | |  2.6

Action                   |  1- 3 |  4- 6 || total
-------------------------+-------+-------++-------
Melee: Unarmed           |    70 |     1 ||    71
       Tentacles         |    15 |       ||    15
       Constrict         |    19 |       ||    19
       Punch             |     2 |       ||     2
       Kick              |    11 |     1 ||    12
 Cast: Beastly Appendage |    21 |     1 ||    22
  Use: Potion            |       |     1 ||     1
 Stab: Sleeping          |     4 |       ||     4
  Eat: Chunk             |     2 |       ||     2
Armor: Skin              |     5 |       ||     5
Dodge: Dodged            |    29 |     1 ||    30
